 Dungeon Crawl Stone Soup version 0.29.1-2-gbd0b4ee654 (webtiles) character file.

Game seed: 5070608065721278422

2190 fantasyman the Cutter (level 8, -10/67 HPs)
             Began as a Demigod Fighter on Nov 16, 2022.
             Killed from afar by a steam dragon (13 damage)
             ... with a ball of steam
             ... on level 6 of the Dungeon.
             The game lasted 00:14:36 (9877 turns).

fantasyman the Cutter (Demigod Fighter)             Turns: 9877, Time: 00:14:38

Health: -10/67     AC: 11    Str: 21    XL:     8   Next: 87%
Magic:  10/10      EV:  6    Int: 10    God:
Gold:   180        SH: 15    Dex: 17    Spells: 7/7 levels left

rFire   . . .      SeeInvis .   a - +0 rapier (venom)
rCold   . . .      Faith    .   h - +0 tower shield
rNeg    . . .      Spirit   .   b - +0 scale mail
rPois   .          Reflect  .   l - +0 helmet
rElec   .          Harm     .   e - +0 cloak
rCorr   .          Rampage  .   (no gloves)
Will    .....                   m - +0 pair of boots
Stlth   ..........              (no amulet)
HPRegen 0.21/turn               (no ring)
MPRegen 0.12/turn               (no ring)

@: no status effects
A: high MP 1, forlorn, divine attributes
a: no special abilities


You were on level 6 of the Dungeon.
You visited 1 branch of the dungeon, and saw 6 of its levels.

You collected 180 gold pieces.

Inventory:

Hand Weapons
 a - a +0 rapier of venom (weapon)
 u - a +0 falchion
Armour
 b - a +0 scale mail (worn)
 e - a +0 cloak (worn)
 h - a +0 tower shield (worn)
 l - a +0 helmet (worn)
 m - a +0 pair of boots (worn)
Jewellery
 g - an amulet of magic regeneration
 k - a ring of poison resistance
 v - a +4 ring of protection
Wands
 s - a wand of iceblast (3)
 t - a wand of digging (6)
Scrolls
 c - 6 scrolls of identify
 i - 3 scrolls of teleportation
 o - a scroll of enchant weapon
Potions
 d - a potion of might
 f - a potion of brilliance
 j - 3 potions of curing
 n - a potion of berserk rage {unknown}
 p - a potion of resistance
 q - a potion of flight
 r - a potion of lignification
 w - a potion of degeneration {unknown}


   Skills:
 + Level 4.6 Fighting
 + Level 6.5 Short Blades
 + Level 6.2 Armour
 - Level 0.2 Dodging
 + Level 6.5 Shields


You had 7 spell levels left.
You didn't know any spells.
Your spell library contained the following spells:

 Spells                   Type           Power      Damage    Failure   Level
 Sandblast                Erth           0%         2d4       100%        1
 Passwall                 Tmut/Erth      0%         N/A       100%        2
 Poisonous Vapours        Pois/Air       0%         N/A       100%        2
 Ignite Poison            Fire/Tmut/Pois 0%         N/A       100%        3
 Mephitic Cloud           Conj/Pois/Air  0%         N/A       100%        3
 Ozocubu's Armour         Ice            0%         N/A       100%        3
 Stone Arrow              Conj/Erth      0%         3d7       100%        3
 Airstrike                Air            0%         2d(0-16)  100%        4
 Freezing Cloud           Conj/Ice/Air   0%         6-21      100%        5
 Metabolic Englaciation   Hex/Ice        0%         N/A       100%        5
 Conjure Ball Lightning   Conj/Air       0%         3x3d6     100%        6
 Simulacrum               Ice/Necr       0%         N/A       100%        6
 Maxwell's Capacitive Co  Air            0%         ∞         100%        8


Dungeon Overview and Level Annotations

Branches:
Dungeon (6/15)             Temple (0/1) D:6

Shops:
D:5 *

Annotations:
D:4 1 runed translucent door, unlimited1921's ghost, amateur DjFE


Innate Abilities, Weirdness & Mutations

You have an increased reservoir of magic. (+10% MP)
You shall have no god before yourself.
Your divine heritage dramatically boosts your attributes as you level up.


Message History

An orc comes into view. It is wielding a +0 trident.
The orc shouts!
You block the orc's attack.
You puncture the orc!
You kill the orc!
No target in view!
No target in view!
You see here a +0 trident.
A steam dragon comes into view.
The steam dragon hisses angrily.
A steam dragon is nearby!
The steam dragon breathes steam at you. The ball of steam hits you!!
No target in view!
No target in view!
No target in view!
No target in view!
No target in view!
You are engulfed in a cloud of scalding steam.
The steam dragon bites you. You block the steam dragon's attack.
You puncture the steam dragon!
The steam dragon is poisoned.
The steam dragon is moderately wounded.
You are engulfed in a cloud of scalding steam.
The steam dragon bites you but does no damage.
You block the steam dragon's attack. The steam dragon breathes steam at you.
The ball of steam hits you!!
You barely miss the steam dragon.
The steam dragon is moderately wounded.
You are engulfed in a cloud of scalding steam.
* * * LOW HITPOINT WARNING * * *
The steam dragon bites you but does no damage.
You block the steam dragon's attack.
You barely miss the steam dragon.
The steam dragon is moderately wounded.
You are engulfed in a cloud of scalding steam.
* * * LOW HITPOINT WARNING * * *
The steam dragon breathes steam at you. The ball of steam hits you!
You die...

.# #.# .# #.# .# #.# .#
#.# .# #.# .# #######.####
.# ...........# .#
#####..#.# .# ##@#.# .#
#D#.# .# #.#.# .########
#.#.# ......... ..#.#
..################.######.
..########................
...................#######
#######.############


You could see a steam dragon (very poisoned, catching breath).

Vanquished Creatures
  4 yaks (D:6)
  Edmund (D:5)
  Duvessa (D:5)
  An ice beast (D:5)
  A black bear (D:5)
  A centaur (D:5)
  A phantom (D:5)
  2 scorpions (D:5)
  Dowan (D:5)
  A howler monkey (D:6)
  A crimson imp (D:4)
  4 hounds
  A gnoll bouda (D:5)
  4 orc priests
  A jelly (D:5)
  Ijyb (D:4)
  Terence (D:3)
  3 iguanas (D:4)
  4 orc wizards
  9 adders
  8 gnolls
  4 worms
  25 orcs
  10 ball pythons
  6 endoplasms
  4 giant cockroaches
  7 hobgoblins
  3 jackals (D:2)
  8 kobolds
  3 quokkas
  3 bats
  4 frilled lizards (D:1)
  13 goblins
  5 rats
146 creatures vanquished.

Vanquished Creatures (others)
  A jelly (D:5)
  A plant (D:5)
2 creatures vanquished.

Grand Total: 148 creatures vanquished

Notes
Turn   | Place    | Note
-------+----------+-------------------------------------------
     0 | D:1      | fantasyman the Demigod Fighter began the quest for the Orb.
     0 | D:1      | Reached XP level 1. HP: 18/18 MP: 3/3
   502 | D:1      | Reached XP level 2. HP: 25/25 MP: 4/4
  1677 | D:2      | Reached XP level 3. HP: 30/30 MP: 5/5
  2347 | D:2      | You fall into a shaft and drop 2 floors!
  2369 | D:4      | Reached XP level 4. HP: 24/38 MP: 6/6
  2569 | D:3      | Reached XP level 5. HP: 27/45 MP: 7/7
  3158 | D:3      | Noticed Terence
  3172 | D:3      | Killed Terence
  3466 | D:3      | Got the Grimoire of Autotheism
  3765 | D:3      | Reached XP level 6. HP: 40/51 MP: 8/8
  5150 | D:4      | Noticed Ijyb
  5160 | D:4      | Killed Ijyb
  5955 | D:4      | Found a runed translucent door.
  5956 | D:4      | Noticed unlimited1921's ghost (amateur DjFE)
  6190 | D:5      | Entered Level 5 of the Dungeon
  6211 | D:5      | Reached XP level 7. HP: 12/58 MP: 9/9
  6689 | D:5      | Noticed Edmund
  6704 | D:5      | Killed Edmund
  6705 | D:5      | Reached skill level 5 in Armour
  7278 | D:5      | Reached skill level 5 in Short Blades
  7278 | D:5      | Reached skill level 5 in Shields
  7860 | D:5      | Reached XP level 8. HP: 66/66 MP: 10/10
  8450 | D:5      | Noticed Duvessa
  8450 | D:5      | Noticed Dowan
  8469 | D:5      | Killed Duvessa
  8481 | D:5      | Killed Dowan
  8913 | D:5      | Found Xittin's Assorted Antiques.
  9775 | D:6      | Found a staircase to the Ecumenical Temple.
  9877 | D:6      | HP: 3/67 [steam dragon] (7)]
  9877 | D:6      | Killed from afar by a steam dragon

Illustrated notes

Levels and vault maps discovered:
D:1:      shiori_arrival_oz, layout_loops_ring
D:2:      minmay_diamond_boxcup, layout_basic,
          shapermc_ecumenical_altar_mp_vishouse
D:3:      layout_basic, mainiacjoe_overflow_cross_hatched, uniq_terence
D:4:      layout_loops_ring, grunt_temple_overflow_champion_of_chaos,
          ebering_ghost_reflecting_pool, uniq_ijyb
D:5:      layout_loops_ring, mainiacjoe_overflow_boulevard,
          nicolae_vehumet_altar_sigil, serial_shops,
          nicolae_shop_overgrown_old_shop, lemuel_flamethrower_2, uniq_edmund,
          uniq_duvessa
D:6:      layout_loops_ring, minmay_temple_entry_from_below_a,
          minmay_crystal_room

Skill      XL: |  1  2  3  4  5  6  7  8 |
---------------+-------------------------+-----
Armour         | 3 4 5 6 |  6.2
Short Blades   | 2 3 4 5 6 |  6.5
Shields        | 3 4 5 6 |  6.5
Fighting       | 3 4 |  4.6
Dodging        | |  0.2

Action                   |  1- 3 |  4- 6 |  7- 9 || total
-------------------------+-------+-------+-------++-------
Melee: Rapier            |   159 |   214 |   212 ||   585
  Use: Scroll            |     6 |     3 |     4 ||    13
       Potion            |       |     2 |     4 ||     6
Armor: Scale mail        |    68 |    94 |    66 ||   228
       Skin              |       |    17 |       ||    17
Dodge: Dodged            |    40 |    48 |    40 ||   128
Block: Tower shield      |   104 |   193 |   178 ||   475
       Buckler           |     3 |       |       ||     3
